 Dungeon Crawl Stone Soup version 0.18-a0-1203-gbde16db (webtiles) character file.

56 Duffy the Chopper (level 3, -5/31 HPs)
             Began as a Minotaur Fighter on Jan 31, 2016.
             Killed from afar by an orc wizard (6 damage)
             ... with a puff of flame
             ... on level 3 of the Dungeon.
             The game lasted 00:01:02 (1153 turns).

Duffy the Chopper (Minotaur Fighter)                Turns: 1153, Time: 00:01:02

Health: -5/31      AC:  6    Str: 21    XL:     3   Next: 71%
Magic:  2/2        EV:  7    Int:  5    God:
Gold:   99         SH:  0    Dex:  9    Spells: 0 memorised, 2 levels left

rFire  . . .     SeeInvis .     a - +0 war axe
rCold  . . .     Gourm    .     b - +0 scale mail
rNeg   + . .     Faith    +     c - +0 shield
rPois  .         Spirit   .     (helmet restricted)
rElec  .         Dismiss  .     (no cloak)
rCorr  .         Reflect  .     (no gloves)
SustAt .         Harm     .     (no boots)
MR     .....                    q - amulet of faith
Stlth  ..........               h - ring of stealth
                                r - ring of positive energy

@: confused, lethally poisoned (-5 -> -12), not resistant to hostile
enchantments, extremely unstealthy
A: retaliatory headbutt, horns 2
a: no special abilities


You were on level 3 of the Dungeon.
You were not hungry.

You visited 1 branch of the dungeon, and saw 3 of its levels.

You collected 99 gold pieces.


Innate Abilities, Weirdness & Mutations

You reflexively headbutt those who attack you in melee.
You have a pair of horns on your head.


   Skills:
 - Level 3.6 Fighting
 + Level 5.0 Axes
 - Level 3.6 Armour
 - Level 3.6 Shields


You had 2 spell levels left.
You didn't know any spells.

Inventory:

Hand Weapons
 a - a +0 war axe (weapon)
Armour
 b - a +0 scale mail (worn)
 c - a +0 shield (worn)
Jewellery
 e - a +3 ring of intelligence
 h - a ring of stealth (right hand)
 q - an amulet of faith (around neck)
 r - a ring of positive energy (left hand)
Wands
 t - a wand of teleportation (7/9)
Scrolls
 g - 2 scrolls of teleportation {unknown}
 k - a scroll of amnesia {unknown}
 l - 2 scrolls of identify {unknown}
 n - 2 scrolls of recharging {unknown}
 o - a scroll of blinking {unknown}
Potions
 d - a potion of might
 i - a potion of lignification {unknown}
 j - 2 potions of haste {unknown}
 p - a potion of curing {unknown}
Comestibles
 f - 2 bread rations
 m - 3 meat rations
 s - 12 fruits

Dungeon Overview and Level Annotations

Branches:
Dungeon (3/15)

Altars:


Message History

The adder bites you but does no damage.
The orc wizard hits you but does no damage.
The orc wizard points at you and mumbles some strange words.
The magic dart hits you! The orc closely misses you.
The hobgoblin hits you but does no damage.
You are too injured to fight recklessly!
You are too injured to fight recklessly!
You are too injured to fight recklessly!
You are too injured to fight recklessly!
You are too injured to fight recklessly!
You are too injured to fight recklessly!
You are too injured to fight recklessly!
You are too injured to fight recklessly!
You are too injured to fight recklessly!
You are too injured to fight recklessly!
You are too injured to fight recklessly!
You are too injured to fight recklessly!
You are too injured to fight recklessly!
You are too injured to fight recklessly!
You are too injured to fight recklessly!
You are too injured to fight recklessly!
You are too injured to fight recklessly!
You are too injured to fight recklessly!
The adder bites you but does no damage.
The giant cockroach bites you but does no damage.
The orc wizard hits you but does no damage. x2
The orc hits you but does no damage.
In your confused state, you trip and fall back down the stairs.
The adder bites you.
You are lethally poisoned!
The adder poisons you! The hobgoblin closely misses you.
The giant cockroach closely misses you. The orc wizard hits you with a dagger.
The orc wizard gestures at you while chanting.
The puff of flame hits you!
You die...

..$.. .#....
#..#. ......
###....##....K
..........#.#
............#
.......o....#
......soo...#
.......@gJ.$#
......S.o...#
............#
...?...........
..........#.###
.......####.#
....... #
...(...


You could see an orc priest, 2 orc wizards, an ooze, an adder, an orc, a giant
cockroach, a hobgoblin and a kobold (wandering).

Action                   || total
-------------------------++-------
Melee: War axe           ||    76
  Eat: Chunk             ||     1

Notes
Turn   | Place    | Note
--------------------------------------------------------------
     0 | D:1      | Duffy the Minotaur Fighter began the quest for the Orb.
     0 | D:1      | Reached XP level 1. HP: 19/19 MP: 0/0
     6 | D:1      | Noticed a black bear
     7 | D:1      | Noticed a wyvern
   118 | D:1      | Reached skill level 3 in Axes
   282 | D:1      | Reached XP level 2. HP: 26/26 MP: 1/1
   539 | D:2      | Reached skill level 4 in Axes
   562 | D:2      | Reached XP level 3. HP: 31/31 MP: 2/2
  1149 | D:3      | Reached skill level 5 in Axes
  1153 | D:3      | Killed from afar by an orc wizard

Vault maps used:
D:1:      onia_arrival_zoo_common
D:2:      dk_vineyard_2
D:3:      lemuel_crystal_altar

Vanquished Creatures
  3 adders
  An orc
  3 bats
  3 giant cockroaches
  3 goblins
  2 hobgoblins
  4 jackals
  2 kobolds
  6 rats
27 creatures vanquished.
